 Dungeon Crawl Stone Soup version 0.30-a0-972-gf3ab3527aa (webtiles) character file.

Game seed: 5483117314547414464

183 Shard1697 the Cudgeller (level 5, -2/47 HPs)
             Began as an Armataur Fighter on Apr 1, 2023.
             Slain by a gnoll
             ... wielding a +0 halberd
             ... led by a gnoll bouda
              (8 damage)
             ... on level 4 of the Dungeon.
             The game lasted 00:02:58 (2449 turns).

Shard1697 the Cudgeller (Armataur Fighter)          Turns: 2449, Time: 00:02:59

Health: -2/47      AC:  5    Str: 23    XL:     5   Next: 35%
Magic:  5/5        EV:  8    Int:  8    God:
Gold:   145        SH:  4    Dex: 12    Spells: 4/4 levels left

rFire   . . .      SeeInvis .    a - +0 flail
rCold   . . .      Faith    .    c - +0 buckler
rNeg    . . .      Spirit   .    m - +1 leather armour of Fortitude {*Corrode Str+2 Slay+3}
rPois   .          Reflect  .    (no helmet)
rElec   .          Roll     +    (no cloak)
rCorr   .                        (no gloves)
Will    +....                    (no barding)
Stlth   +                        (no amulet)
HPRegen 0.27/turn                o - ring of willpower
MPRegen 0.09/turn                (no ring)

@: no status effects
A: large, rugged brown scales 3, deformed body, armoured tail, roll, long
tongue, awkward tongue
a: no special abilities


You were on level 4 of the Dungeon.
You visited 1 branch of the dungeon, and saw 4 of its levels.

You collected 200 gold pieces.
You spent 55 gold pieces at shops.

Inventory:

Hand Weapons
 a - a +0 flail (weapon)
Armour
 c - a +0 buckler (worn)
 m - the +1 leather armour of Fortitude (worn) {*Corrode Str+2 Slay+3}
   (You found it on level 2 of the Dungeon)

   Str:       It affects your strength (+2).
   Slay:      It affects your accuracy & damage with ranged weapons and melee
   (+3).
   *Corrode:  It may corrode you when you take damage.
Jewellery
 o - a ring of willpower (left hand)
Wands
 r - a wand of charming (12)
Scrolls
 e - 3 scrolls of magic mapping {unknown}
 g - a scroll of fog {unknown}
 h - 2 scrolls of fear {unknown}
 i - a scroll of amnesia {unknown}
 k - 2 scrolls of blinking
 l - a scroll of torment {unknown}
 q - a scroll of enchant weapon {unknown}
 s - 3 scrolls of teleportation
 t - a scroll of poison {unknown}
 u - a scroll of immolation
 v - 2 scrolls of vulnerability
Potions
 b - 2 potions of berserk rage
 d - a potion of might
 f - a potion of haste
 j - a potion of lignification
 n - a potion of curing
 p - a potion of brilliance


   Skills:
 + Level 2.8 Fighting
 + Level 5.1 Maces & Flails
 - Level 3.6 Armour
 - Level 3.2 Shields


You had 4 spell levels left.
You didn't know any spells.
Your spell library contained the following spells:

 Spells                   Type           Power      Damage    Failure   Level
 Hailstorm                Conj/Ice       0%         3d3       88%         3
 Ice Form                 Ice/Tmut       0%         N/A       99%         4
 Simulacrum               Ice/Necr       0%         N/A       100%        6


Dungeon Overview and Level Annotations

Branches:
Dungeon (4/15)
 Temple: D:4-7

Altars:
Gozag

Shops:
D:3 [:*[


Innate Abilities, Weirdness & Mutations

You are completely covered in rugged brown scales. (AC +3, +7% HP)
Armour fits poorly on your strangely shaped body.
You have a long armoured tail.
You roll when moving toward enemies. (Rampage)
Your long tongue fully drains potion bottles. (2x potion effects)
Your tongue gives you trouble enunciating. (1.5x scroll delay)


Message History

There are monsters nearby!
A gnoll bouda comes into view. It is wielding a +0 whip.
The gnoll bouda shouts!
The gnoll shouts!
You block the gnoll's attack.
You roll towards the gnoll!
You hit the gnoll.
The gnoll is moderately wounded.
The gnoll hits you with a +0 halberd!
The gnoll bouda calls upon its god to heal the gnoll.
The gnoll's wounds heal themselves!
You hear a shout!
You sock the gnoll! You tail-slap the gnoll.
You kill the gnoll!
A gnoll comes into view. It is wielding a +0 whip.
You hit the gnoll bouda but do no damage.
The gnoll hits you with a +0 halberd!
The gnoll bouda hits you with a +0 whip!
You are too injured to fight recklessly!
You are too injured to fight recklessly!
You are too injured to fight recklessly!
You are too injured to fight recklessly!
You are too injured to fight recklessly!
You are too injured to fight recklessly!
The gnoll hits you with a +0 halberd.
* * * LOW HITPOINT WARNING * * *
You feel better.
You slurp down every last drop of the potion of curing!
The gnoll bouda hits you with a +0 whip.
The gnoll hits you but does no damage. The gnoll attacks as you move away!
The gnoll barely misses you.
You hit the gnoll.
The gnoll is moderately wounded.
The gnoll hits you with a +0 whip.
You sock the gnoll!
You kill the gnoll!
The gnoll bouda barks out a call to the hunt!
The gnoll picks up the pace!
The gnoll hits you from afar with a +0 halberd!
* * * LOW HITPOINT WARNING * * *
The gnoll hits you from afar with a +0 halberd!
You die...

#.# #....)..#.#
#.# #.⌠...⌠.#.#
##.# #.......#.#
#... +...⌠...'.#
#..# #.......###
#..# #.⌠...⌠.#
#)># #.......#
#..########'####
#.gg)@........#
#.########.##.#
#. #.# ... #.
#.# ### #. #.#
#. #.# #. #..
### #.#


You could see a gnoll bouda and a gnoll (swift).

Vanquished Creatures
  A howler monkey (D:4)
  A jelly (D:4)
  2 gnolls (D:4)
  3 adders
  2 worms
  A dart slug (D:1)
  An orc (D:4)
  3 bats
  5 endoplasms
  5 giant cockroaches
  5 goblins
  11 hobgoblins
  3 jackals (D:2)
  5 kobolds
  3 quokkas
  6 ball pythons
  3 frilled lizards (D:1)
  2 rats
62 creatures vanquished.

Notes
Turn   | Place    | Note
-------+----------+-------------------------------------------
     0 | D:1      | Shard1697 the Armataur Fighter began the quest for the Orb.
     0 | D:1      | Reached XP level 1. HP: 19/19 MP: 1/1
    42 | D:1      | Reached skill level 2 in Maces & Flails
    89 | D:1      | Reached XP level 2. HP: 26/26 MP: 2/2
   637 | D:1      | Reached skill level 3 in Maces & Flails
   943 | D:2      | Found an opulent altar of Gozag.
   949 | D:2      | Reached XP level 3. HP: 27/32 MP: 3/3
   970 | D:2      | Identified the +1 leather armour of Fortitude {*Corrode
                  | Str+2 Slay+3}
  1465 | D:2      | Reached XP level 4. HP: 37/39 MP: 4/4
  1466 | D:2      | Reached skill level 4 in Maces & Flails
  1628 | D:3      | Found Pol Xemi's Armour Shoppe.
  1659 | D:3      | Found Halaps's Antique Armour Shoppe.
  1721 | D:3      | Found Util's General Store.
  1733 | D:3      | Bought a scroll of teleportation for 33 gold pieces
  1733 | D:3      | Bought a scroll of identify for 22 gold pieces
  2049 | D:3      | Found Dikkoser's Book Shop.
  2276 | D:4      | Reached skill level 5 in Maces & Flails
  2276 | D:4      | Reached XP level 5. HP: 40/44 MP: 5/5
  2449 | D:4      | Slain by a gnoll

Illustrated notes

Levels and vault maps discovered:
D:1:      psy_arrival_statuary, layout_basic
D:2:      layout_basic, basic_altar
D:3:      layout_rooms, serial_shops, shop, nicolae_lakefront_shop, shop,
          nicolae_lakefront_shop
D:4:      layout_loops_ring, minmay_fountain_box

Skill      XL: |  1  2  3  4 |
---------------+-------------+-----
Maces & Flails | 2 3 5 |  5.1
Fighting       | |  2.8
Armour         | |  3.6
Shields        | |  3.2

Action                     |  1- 3 |  4- 6 || total
---------------------------+-------+-------++-------
  Melee: Flail             |    93 |    44 ||   137
         Tailslap          |    11 |     8 ||    19
    Use: Scroll            |       |     9 ||     9
         Potion            |       |     2 ||     2
   Stab: Sleeping          |       |     1 ||     1
 Armour: Scale mail        |    33 |       ||    33
         Leather armour    |    21 |     8 ||    29
  Dodge: Dodged            |    39 |    11 ||    50
  Block: Buckler           |    23 |     7 ||    30

Table legend: (Time is in decaauts)
 A = Elapsed time spent in this place.
 B = Non-inter-level travel time spent in this place.
 C = Inter-level travel time spent in this place.
 D = Time resting spent in this place.
 E = Time spent auto-exploring this place.
 F = Levels seen in this place.
 G = Mean time per level.
                   A        B        C        D        E       F      G
               +--------+--------+--------+--------+--------+-----+--------+
         Total |   2487 |   2436 |     51 |     20 |   1986 |   4 |  621.8 |
       Dungeon |   2487 |   2436 |     51 |     20 |   1986 |   4 |  621.8 |
               +--------+--------+--------+--------+--------+-----+--------+

Top non-repeatable levels by time:
     D:1: 894 daAuts
     D:2: 727 daAuts
     D:3: 570 daAuts
     D:4: 294 daAuts
